 Dungeon Crawl Stone Soup version 0.28-b1-25-g9875b3fc8c (webtiles) character file.

Game seed: 8585781394254402839

8 mopl the Sneak (level 2, 0/21 HPs)
             Began as an Octopode Delver on Feb 7, 2022.
             Slain by a gnoll (6 damage)
             ... on level 4 of the Dungeon.
             The game lasted 00:00:45 (364 turns).

mopl the Sneak (Octopode Delver)                     Turns: 364, Time: 00:00:45

Health: 0/21       AC:  1    Str: 11    XL:     2   Next: 8%
Magic:  2/2        EV: 13    Int: 12    God:
Gold:   32         SH:  0    Dex: 13    Spells: 1/1 levels left

rFire   . . .      SeeInvis .   a - +0 falchion
rCold   . . .      Faith    .   (no shield)
rNeg    . . .      Spirit   .   (helmet restricted)
rPois   .          Reflect  .   (no amulet)
rElec   .          Harm     .   (no ring)
rCorr   .          Rampage  .   (no ring)
Will    .....                   (no ring)
Stlth   ++++......              (no ring)
HPRegen 0.07/turn               (no ring)
MPRegen 0.08/turn               (no ring)
                                (no ring)
                                (no ring)

@: no status effects
A: almost no armour, amphibious, 8 rings, camouflage 1, gelatinous body 1,
(nimble swimmer 1), tentacles
a: no special abilities


You were on level 4 of the Dungeon.
You visited 1 branch of the dungeon, and saw 2 of its levels.

You collected 32 gold pieces.

Inventory:

Hand Weapons
 a - a +0 falchion (weapon)
Magical Staves
 h - a staff of fire
Wands
 f - a wand of digging (3)
Scrolls
 b - a scroll of fog
 c - a scroll of magic mapping
 d - a scroll of fear
 g - a scroll of identify {unknown}
 i - a scroll of silence {unknown}
Potions
 e - a potion of haste


   Skills:
 + Level 3.1 Fighting
 * Level 2.1 Long Blades
 + Level 2.0 Dodging
 + Level 7.0 Stealth


You had one spell level left.
You didn't know any spells.
Your spell library was empty.

Dungeon Overview and Level Annotations

Branches:
Dungeon (5/15)
 Temple: D:4-7

Altars:


Innate Abilities, Weirdness & Mutations

You cannot wear most types of armour.
You are amphibious.
You can wear up to eight rings at the same time.
Your skin changes colour to match your surroundings (Stealth+).
Your rubbery body absorbs attacks. (AC +1, EV +1)
((You are camouflaged when in or above water. (Stealth+)))
You have tentacles for arms and can constrict up to eight enemies at once.


Message History

You hit the endoplasm. You squeeze the endoplasm.
You kill the endoplasm!
Your Stealth skill increases to level 7!
No target in view!
No target in view!
You start resting.
An endoplasm is nearby!
A black bear comes into view.
Found a scroll labelled ENOHIC DUOBB.
Found a stone staircase leading down.
An adder comes into view.
Found a scroll labelled ENOHIC DUOBB.
A gnoll comes into view. It is wielding a +0 halberd.
Found a potion of haste.
The adder hisses angrily.
The gnoll shouts!
You completely miss the adder. Your grab misses the adder.
The adder bites you. x2
The gnoll hits you from afar with a +0 halberd.
You are too injured to fight recklessly!
You closely miss the adder. Your grab misses the adder. You squeeze the adder.
The adder is lightly wounded.
The adder bites you but does no damage. The gnoll closely misses you.
You hit the adder but do no damage. Your grab misses the adder.
The adder is lightly wounded.
The adder completely misses you. The gnoll barely misses you.
The adder barely misses you.
You hit the adder. Your grab misses the adder. You tentacle-slap the adder.
The adder is severely wounded.
The adder barely misses you. The gnoll closely misses you.
You closely miss the adder. Your grab misses the adder.
The adder is severely wounded.
The adder completely misses you.
The gnoll hits you from afar with a +0 halberd.
* * * LOW HITPOINT WARNING * * *
The adder misses you.
You slash the adder!
You kill the adder!
The gnoll barely misses you.
The gnoll hits you from afar with a +0 halberd.
You die...

..........##.. .#.....#.
...##.....##... ....>..
...##.....##... ....?#
..........#..... .... .#
..........#.....###.###..#
...##.....##.?...........#
...##.....#######g.......#
...#########.............#
................@......###
..)...>................#
.......................#
########################


You could see a gnoll.

Vanquished Creatures
  An adder (D:4)
  An ufetubus (D:5)
  An endoplasm (D:4)
  A goblin (D:4)
4 creatures vanquished.

Notes
Turn   | Place    | Note
-------+----------+-------------------------------------------
     0 | D:5      | mopl the Octopode Delver began the quest for the Orb.
     0 | D:5      | Reached XP level 1. HP: 16/16 MP: 1/1
   261 | D:4      | Reached XP level 2. HP: 17/21 MP: 2/2
   271 | D:4      | Reached skill level 7 in Stealth
   320 | D:4      | Noticed a black bear
   364 | D:4      | Slain by a gnoll

Illustrated notes

Levels and vault maps discovered:
D:4:      layout_gridville, st_stairs_3, guppyfry_early_lair_pool
D:5:      layout_basic, grunt_decor_arrowhead, minmay_door_square

Skill      XL: |  1  2 |
---------------+-------+-----
Stealth        | 7 |  7.0
Fighting       | |  3.1
Long Blades    | |  2.1
Dodging        | |  2.0

Action                   || total
-------------------------++-------
Melee: Falchion          ||    11
       Tentacles         ||     3
       Constrict         ||     1
       Punch             ||     1
Armor: Skin              ||     1
Dodge: Dodged            ||    11
